 Dungeon Crawl Stone Soup version 0.31-a0-700-gf13585253f (webtiles) character file.

Game seed: 1392225191310727451

19 qw the Shooter (level 2, -1/17 HPs)
             Began as a Gargoyle Hunter on Sept 7, 2023.
             Slain by a frilled lizard (2 damage)
             ... on level 1 of the Dungeon.
             The game lasted 00:00:10 (175 turns).

qw the Shooter (Gargoyle Hunter)                     Turns: 175, Time: 00:00:11

Health: -1/17      AC:  5    Str: 14    XL:     2   Next: 75%
Magic:  2/2        EV: 11    Int:  9    God:
Gold:   23         SH:  0    Dex: 13    Spells: 1/1 levels left

rFire   . . .        a - +0 shortbow
rCold   . . .        (shield currently unavailable)
rNeg    + . .        c - +0 leather armour
rPois   inf          (no helmet)
rElec   +            (no cloak)
rCorr   .            (no gloves)
SInv    .            (no boots)
Will    .....        (no amulet)
Stlth   +            (no ring)
HPRegen 0.22/turn    (no ring)
MPRegen 0.08/turn

%: no passive effects
@: no status effects
A: sickness immunity, AC +2, negative energy resistance 1, electricity
resistance, torment resistance 1, petrification resistance
a: no special abilities


You were on level 1 of the Dungeon.
You visited 1 branch of the dungeon, and saw 1 of its levels.

You collected 23 gold pieces.


Innate Abilities, Weirdness & Mutations

You are immune to sickness and miasma.
Your stone body is resilient. (AC +2)
You are immune to poison.
You resist negative energy. (rN+)
You are resistant to electric shocks. (rElec)
You are resistant to unholy torment.
You are immune to petrification.


   Skills:
 - Level 2.1 Fighting
 + Level 4.7 Ranged Weapons
 - Level 1.5 Dodging
 - Level 1.1 Stealth


You had one spell level left.
You didn't know any spells.
Your spell library was empty.

Inventory:

Hand Weapons
 a - a +0 shortbow (weapon)
Armour
 c - a +0 leather armour (worn)
 e - a +0 cloak
Scrolls
 b - a scroll of butterflies
 f - a scroll of blinking {unknown}
Potions
 d - a potion of ambrosia {unknown}

Dungeon Overview and Level Annotations

Branches:
Dungeon (1/15)

Altars:


Message History

You shoot an arrow. The arrow hits the jackal.
You kill the jackal!
The jackal bites you. The frilled lizard bites you.
The jackal bites you but does no damage.
You shoot an arrow. The arrow completely misses the jackal.
The frilled lizard misses you.
The jackal bites you but does no damage.
You shoot an arrow.
The arrow hits the jackal but does no damage.
The jackal barely misses you. The frilled lizard bites you.
The jackal closely misses you.
You shoot an arrow. The arrow closely misses the jackal.
The frilled lizard bites you. The jackal misses you.
The frilled lizard closely misses you.
You shoot an arrow. The arrow hits the jackal.
The jackal is heavily wounded.
The jackal barely misses you. x2; The frilled lizard closely misses you.
You shoot an arrow. The arrow hits the jackal.
The jackal is almost dead.
The jackal bites you. The frilled lizard misses you.
The jackal bites you but does no damage.
You shoot an arrow. The arrow closely misses the jackal.
The jackal barely misses you. The frilled lizard closely misses you.
You shoot an arrow.
The arrow hits the jackal but does no damage.
The jackal is almost dead.
The jackal closely misses you. The frilled lizard bites you.
The jackal bites you.
You shoot an arrow. The arrow closely misses the jackal.
The jackal bites you.
The frilled lizard bites you but does no damage.
The jackal bites you but does no damage.
The frilled lizard closely misses you.
You shoot an arrow. The arrow hits the jackal.
You kill the jackal!
The frilled lizard bites you.
You shoot an arrow.
The arrow closely misses the frilled lizard.
The frilled lizard bites you.
You die...

### ..(.# ..#.#
#.#.# . #.#.##
g.. ##?...##
...>##%@....##
......l......#
....##.......#
...........#.# ..
....#####.##.# .#
..........##.####
#.#
.....####.......#
..# ##. #.##.##.#
.. #.##.##.#


You could see a frilled lizard.

Vanquished Creatures
  2 bats (D:1)
  An endoplasm (D:1)
  A goblin (D:1)
  2 hobgoblins (D:1)
  4 jackals (D:1)
  2 kobolds (D:1)
  2 ball pythons (D:1)
  A frilled lizard (D:1)
  A rat (D:1)
16 creatures vanquished.

Notes
Turn   | Place    | Note
-------+----------+-------------------------------------------
     0 | D:1      | qw the Gargoyle Hunter began the quest for the Orb.
     0 | D:1      | Reached XP level 1. HP: 12/12 MP: 1/1
     0 | D:1      | 0 ||| qw: Version: 0.3-a-76-g4403597
     0 | D:1      | 0 ||| qw: Game counter: 643
     0 | D:1      | 0 ||| qw: Melee chars always use a shield: true
     0 | D:1      | 0 ||| qw: God list: Okawaru
     0 | D:1      | 0 ||| qw: Allow faded altars: false
     0 | D:1      | 0 ||| qw: Do Orc after clearing Dungeon:15 true
     0 | D:1      | 0 ||| qw: Do second Lair branch before Depths: true
     0 | D:1      | 0 ||| qw: Lair rune preference: random
     0 | D:1      | 0 ||| qw: Goals: Normal
     0 | D:1      | 0 ||| PLANNING D:1-11
   114 | D:1      | Reached XP level 2. HP: 17/17 MP: 2/2
   151 | D:1      | 151 ||| Stepping ~*~*~tactically~*~*~ (retreating).
   172 | D:1      | HP: 3/17 [frilled lizard (2)]
   174 | D:1      | HP: 1/17 [frilled lizard (1)]
   175 | D:1      | Slain by a frilled lizard

Levels and vault maps discovered:
D:1:      dpeg_arrival_central, layout_loops_ring, serial_park_tiny_2

Action                     || total
---------------------------++-------
   Fire: Shortbow          ||    64
 Armour: Leather armour    ||    59
  Dodge: Dodged            ||    56

Table legend:
 A = Non-vault XP
 B = Vault XP
 C = Vault XP percentage of total XP
 D = Non-vault monster count
 E = Vault monster count
 F = Vault count percentage of total count
                 A         B        C        D         E       F
            +---------+---------+-------+---------+---------+-------
      Total |      28 |       0 |   0.0 |      16 |       0 |   0.0
            +---------+---------+-------+---------+---------+-------
        D:1 |      28 |       0 |   0.0 |      16 |       0 |   0.0
            +---------+---------+-------+---------+---------+-------
